 Dungeon Crawl Stone Soup version 0.31-a0-489-g282fc92437 (webtiles) character file.

Game seed: 10922000322128646176

128 Ethylacetat the Sneak (level 5, -1/36 HPs)
             Began as an Octopode Brigand on Aug 8, 2023.
             Splashed by a jelly's acid (2 damage)
             ... on level 4 of the Dungeon.
             The game lasted 00:03:16 (2318 turns).

Ethylacetat the Sneak (Octopode Brigand)            Turns: 2318, Time: 00:03:17

Health: -1/36      AC: -3    Str: 11    XL:     5   Next: 12%
Magic:  5/5        EV: 13    Int: 13    God:
Gold:   168        SH:  4    Dex: 15    Spells: 4/4 levels left

rFire   . . .        a - +2 dagger
rCold   . . .        l - +0 buckler
rNeg    . . .        (helmet currently unavailable)
rPois   .            (no amulet)
rElec   .            (no ring)
rCorr   .            (no ring)
SInv    .            (no ring)
Will    .....        (no ring)
Stlth   ++++         (no ring)
HPRegen 0.26/turn    (no ring)
MPRegen 0.09/turn    (no ring)
                     (no ring)

%: no passive effects
@: beast-form, corroded
A: beast (slay +1), almost no armour, amphibious, 8 rings, camouflage 1,
gelatinous body 1, (nimble swimmer 1), tentacles
a: Begin Untransformation


You were on level 4 of the Dungeon.
You were a hulking beast.
You visited 1 branch of the dungeon, and saw 4 of its levels.

You collected 168 gold pieces.

Inventory:

Hand Weapons
 a - a +2 dagger (weapon)
Missiles
 b - 14 poisoned darts (quivered)
 c - 3 curare-tipped darts
Armour
 l - a +0 buckler (worn)
Talismans
 d - a beast talisman (active)
Scrolls
 e - a scroll of enchant weapon {unknown}
 f - 3 scrolls of immolation {unknown}
 i - a scroll of butterflies {unknown}
 j - a scroll of poison {unknown}
 m - 2 scrolls of identify {unknown}
 n - a scroll of fog {unknown}
 o - 3 scrolls of revelation {unknown}
 s - a scroll of brand weapon {unknown}
Potions
 g - a potion of enlightenment {unknown}
 h - a potion of invisibility {unknown}
 k - a potion of resistance {unknown}
 p - a potion of might {unknown}
 q - a potion of mutation {unknown}
 r - a potion of haste {unknown}


   Skills:
 + Level 2.8 Fighting
 - Level 2.0 Short Blades
 - Level 2.0 Throwing
 + Level 2.2 Dodging
 - Level 5.6 Stealth
 + Level 1.2 Shields
 * Level 2.2 Shapeshifting


You had 4 spell levels left.
You didn't know any spells.
Your spell library contained the following spells:

 Spells                   Type           Power      Damage    Failure   Level
 Hailstorm                Conj/Ice       0%         3d3       80%         3
 Summon Ice Beast         Ice/Summ       0%         N/A       99%         4
 Simulacrum               Ice/Necr       0%         N/A       100%        6


Dungeon Overview and Level Annotations

Branches:
Dungeon (4/15)
 Temple: D:4-7

Altars:
Kikubaaqudgha
Zin

Shops:
D:1 :   D:2 (


Innate Abilities, Weirdness & Mutations

You are a hulking beast.
Your limbs bulge with bestial killing power. (Slay +1)
You cannot wear most types of armour.
You are amphibious.
You can wear up to eight rings at the same time.
Your skin changes colour to match your surroundings (Stealth+).
Your rubbery body absorbs attacks. (AC +1, EV +1)
((You are camouflaged when in or above water. (Stealth+)))
You have tentacles for arms and can constrict up to eight enemies at once.


Message History

A jelly comes into view.
There are monsters nearby!
There are monsters nearby!
The kobold shouts!
The adder hisses angrily.
The jelly quivers.
You block the adder's attack. The adder barely misses you.
You hit the adder. You grab the adder.
The adder is heavily wounded.
You constrict the adder. The adder closely misses you.
You hit the adder. You squeeze the adder.
You kill the adder!
The kobold hits you with a +0 club.
You hit the kobold.
You kill the kobold!
The jelly hits you.
You are splashed with acid!
Things that are here:
a +0 club; an amulet of regeneration You hit the jelly.
Your tentacles burn!
The jelly is lightly wounded.
The jelly hits you. The acid corrodes you!
You are splashed with acid!
* * * LOW HITPOINT WARNING * * *
You are too injured to fight recklessly!
A jelly is nearby!
You are too injured to fight recklessly!
Okay, then.
Okay, then.
Okay, then.
You completely miss the jelly.
The jelly is lightly wounded.
The jelly hits you.
* * * LOW HITPOINT WARNING * * *
You are splashed with acid.
* * * LOW HITPOINT WARNING * * *
Unknown command.
Okay, then.
You barely miss the jelly. Your squeeze misses the jelly.
The jelly is lightly wounded.
The jelly barely misses you.
You hit the jelly.
Your tentacles burn!
You die...

####....#..##
##.##....# .#
#.....#.....#
#.....###..### #
#......# ....###.#
#...#.### #.....
#...#...# ##..##
######..###....##..
#.....hJ......
#.....<.........
#.................
#.....##..........
#..$.............#
#...#............##
##..##.#...........
## #.##..........


You could see a jelly.

Vanquished Creatures
  4 gnolls (D:2)
  2 adders
  2 worms (D:2)
  A dart slug (D:1)
  An orc (D:3)
  3 ball pythons
  5 endoplasms
  2 giant cockroaches (D:2)
  4 hobgoblins
  11 jackals
  6 kobolds
  A quokka (D:3)
  7 bats
  4 frilled lizards
  2 goblins
  4 rats
59 creatures vanquished.

Notes
Turn   | Place    | Note
-------+----------+-------------------------------------------
     0 | D:1      | Ethylacetat the Octopode Brigand began the quest for the
                  | Orb.
     0 | D:1      | Reached XP level 1. HP: 14/14 MP: 1/1
    90 | D:1      | Reached XP level 2. HP: 19/19 MP: 2/2
   330 | D:1      | Found a faded altar of an unknown god.
   346 | D:1      | Reached skill level 1 in Shapeshifting
   395 | D:1      | Found Domyelokk's Book Shop.
   570 | D:2      | Found Itunennaluq's Weapon Shop.
   583 | D:2      | Reached XP level 3. HP: 24/24 MP: 3/3
   921 | D:2      | Reached XP level 4. HP: 22/30 MP: 4/4
  1150 | D:2      | Reached skill level 1 in Shields
  1571 | D:2      | Identified the +6 long sword of the Writhing Big Fish
                  | {freeze, rF+ rN+ Str+5}
  2007 | D:3      | Found a glowing silver altar of Zin.
  2048 | D:3      | Found an ancient bone altar of Kikubaaqudgha.
  2173 | D:3      | Reached XP level 5. HP: 36/36 MP: 5/5
  2316 | D:4      | HP: 1/36 [acid (6)]
  2318 | D:4      | Splashed by a jelly's acid

Illustrated notes

Levels and vault maps discovered:
D:1:      lemuel_arrival_river_bridge, layout_rooms,
          ebering_ecumenical_altar_box, serial_shops, nicolae_shop_waterfront,
          chequers_jeans, minmay_misc_feat_secret_circle
D:2:      layout_loops_corners, serial_shops, nicolae_shop_hallway_stairs,
          serial_forest, infiniplex_forest_clump_medium,
          infiniplex_forest_straight_4, infiniplex_forest_clump_diagonal,
          infiniplex_forest_end_3, infiniplex_forest_clump_medium,
          infiniplex_forest_straight_5, infiniplex_forest_clump_long,
          minmay_misc_feat_pillars
D:3:      layout_loops_cross, zin_statuary, mainiacjoe_overflow_small_starburst
D:4:      layout_cave_pools, nicolae_ru_the_path_less_chosen,
          minmay_temple_entry_grid

Skill      XL: |  1  2  3  4 |
---------------+-------------+-----
Shapeshifting  | 1 2 |  2.2
Dodging        | 2 |  2.2
Shields        | 1 |  1.2
Fighting       | |  2.8
Short Blades   | |  2.0
Throwing       | |  2.0
Stealth        | |  5.6

Action                     |  1- 3 |  4- 6 || total
---------------------------+-------+-------++-------
  Melee: Dagger            |    46 |    62 ||   108
         Constrict         |     9 |    11 ||    20
         Tentacles         |     9 |    12 ||    21
   Stab: Sleeping          |    14 |    12 ||    26
 Armour: Skin              |     4 |     2 ||     6
  Dodge: Dodged            |    21 |    24 ||    45
  Block: Buckler           |     3 |     7 ||    10
   Form: Beast             |     1 |       ||     1

Table legend: (Time is in decaauts)
 A = Elapsed time spent in this place.
 B = Non-inter-level travel time spent in this place.
 C = Inter-level travel time spent in this place.
 D = Time resting spent in this place.
 E = Time spent auto-exploring this place.
 F = Levels seen in this place.
 G = Mean time per level.
                   A        B        C        D        E       F      G
               +--------+--------+--------+--------+--------+-----+--------+
         Total |   2312 |   2248 |     64 |     59 |   1775 |   4 |  578.0 |
       Dungeon |   2312 |   2248 |     64 |     59 |   1775 |   4 |  578.0 |
               +--------+--------+--------+--------+--------+-----+--------+

Top non-repeatable levels by time:
     D:2: 1059 daAuts
     D:1: 629 daAuts
     D:3: 583 daAuts
     D:4: 39 daAuts
